 Dungeon Crawl Stone Soup version 0.18-a0-1203-gbde16db (webtiles) character file.

644 M4edhros the Sneak (level 7, -6/43 HPs)
             Began as an Octopode Artificer on Jan 31, 2016.
             Mangled by an orc
             ... wielding a +0 flail
              (10 damage)
             ... on level 6 of the Dungeon.
             The game lasted 00:03:38 (2488 turns).

M4edhros the Sneak (Octopode Artificer)             Turns: 2488, Time: 00:03:39

Health: -6/43      AC:  2    Str: 11    XL:     7   Next: 52%
Magic:  10/10      EV: 14    Int: 16    God:
Gold:   142        SH:  0    Dex: 12    Spells: 0 memorised, 6 levels left

rFire  . . .     SeeInvis +     a - +0 short sword
rCold  . . .     Gourm    .     (no shield)
rNeg   . . .     Faith    .     (helmet restricted)
rPois  .         Spirit   .     h - amulet of harm
rElec  .         Dismiss  .     s - ring of see invisible
rCorr  .         Reflect  .     (no ring)
SustAt .         Harm     +     (no ring)
MR     .....                    (no ring)
Stlth  +++++.....               (no ring)
                                (no ring)
                                (no ring)
                                (no ring)

@: not resistant to hostile enchantments, quite stealthy
A: almost no armour, amphibious, 8 rings, constrict 8, molten scales 1,
camouflage 1, wild magic 1, gelatinous body 1, evolution 1, no device heal 1
a: no special abilities


You were on level 6 of the Dungeon.
You were very hungry.

You visited 1 branch of the dungeon, and saw 6 of its levels.

You collected 142 gold pieces.

Inventory:

Hand Weapons
 a - a +0 short sword (weapon)
 n - a +0 hunting sling
Missiles
 g - 125 stones (quivered)
 k - 23 sling bullets
Jewellery
 h - an amulet of harm (around mantle)
 s - a ring of see invisible (left tentacle)
Wands
 b - a wand of flame (11/48)
 c - a wand of enslavement (12/24)
 d - a wand of random effects (12/48)
Scrolls
 e - a scroll of teleportation {unknown}
 i - 4 scrolls of blinking
 r - a scroll of remove curse {unknown}
Potions
 o - a potion of flight
Comestibles
 f - 2 bread rations
 m - 3 meat rations
 q - a royal jelly


   Skills:
 - Level 1.0 Fighting
 - Level 1.0 Short Blades
 * Level 5.2 Dodging
 * Level 7.3 Stealth
 + Level 5.0 Evocations


You had 6 spell levels left.
You didn't know any spells.

Dungeon Overview and Level Annotations

Branches:
Dungeon (6/15)
 Temple: D:4-7

Altars:
Gozag
Pakellas
Trog
Zin

Annotations:
D:2 Sigmund


Innate Abilities, Weirdness & Mutations

You cannot wear most types of armour.
You are amphibious.
You can wear up to eight rings at the same time.
You can use your tentacles to constrict eight enemies at once.
Your skin changes colour to match your surroundings (Stealth).
Your rubbery body absorbs attacks (AC +1).
You are partially covered in molten scales (AC +1).
Your spells are a little harder to cast, but a little more powerful.
You evolve.
Potions and wands are less effective at restoring your health.


Message History

You constrict the orc wizard, but do no damage.
The orc wizard hits you with a dagger of protection.
You hit the orc wizard.
The orc wizard is moderately wounded.
You constrict the orc wizard, but do no damage.
The orc wizard barely misses you.
You hit the orc wizard. You squeeze the orc wizard!
The orc wizard is almost dead.
You constrict the orc wizard.
The orc wizard points at you and mumbles some strange words.
The puff of flame hits you!
* * * LOW HITPOINT WARNING * * *
You hit the orc wizard but do no damage.
The orc wizard is almost dead.
You constrict the orc wizard.
You kill the orc wizard!
You are feeling very hungry.
You hit the orc but do no damage. You grab the orc. You constrict the orc.
The orc hits you with a flail!
You die...

..## ...# ...#
###...###
#.......
#.#..# #....#
#o#o.# #@##.#
#....# #.##.#
#.#######.##.#
.............#
######.####.#
#.# # # #.# .#
#.# #.#


You could see an orc.

Vanquished Creatures
  2 ogres
  A giant frog (D:6)
  2 scorpions (D:4)
  An orc priest (D:4)
  A giant frog skeleton (D:4)
  2 orc wizards
  An iguana (D:4)
  Terence (D:3)
  A hound skeleton (D:6)
  2 gnolls (D:2)
  3 adders
  An adder skeleton (D:4)
  4 worms
  2 giant geckos
  5 orcs
  6 giant cockroaches
  7 goblins
  2 hobgoblins
  9 jackals
  3 bats
  A giant gecko skeleton (D:4)
  5 giant newts
  6 kobolds
  7 rats
75 creatures vanquished.

Vanquished Creatures (collateral kills)
  A gnoll (D:2)
  An adder (D:2)
  A jackal (D:4)
3 creatures vanquished.

Vanquished Creatures (others)
  An orc priest (D:4)
1 creature vanquished.

Grand Total: 79 creatures vanquished

Notes
Turn   | Place    | Note
--------------------------------------------------------------
     0 | D:1      | M4edhros the Octopode Artificer began the quest for the Orb.
     0 | D:1      | Reached XP level 1. HP: 13/13 MP: 3/3
   129 | D:1      | Reached XP level 2. HP: 15/18 MP: 4/4
   500 | D:2      | Reached XP level 3. HP: 12/23 MP: 5/5
   504 | D:2      | HP: 1/23 [gnoll/spear (10)]
  1040 | D:2      | Reached XP level 4. HP: 28/28 MP: 6/6
  1053 | D:2      | Noticed Sigmund
  1061 | D:3      | Reached skill level 4 in Stealth
  1071 | D:3      | Noticed Terence
  1086 | D:3      | Killed Terence
  1142 | D:3      | Gained mutation: You are partially covered in molten scales (AC +1). [potion of mutation]
  1142 | D:3      | Gained mutation: Your spells are a little harder to cast, but a little more powerful. [potion of mutation]
  1142 | D:3      | Gained mutation: You evolve. [potion of mutation]
  1339 | D:3      | Reached XP level 5. HP: 31/33 MP: 7/7
  1391 | D:3      | Noticed an ogre
  1394 | D:3      | Killed an ogre
  1394 | D:3      | Reached skill level 5 in Stealth
  1445 | D:4      | Reached XP level 6. HP: 27/38 MP: 9/9
  1576 | D:4      | Found an opulent altar of Gozag.
  1577 | D:4      | Found a glowing silver altar of Zin.
  1625 | D:4      | Reached skill level 6 in Stealth
  1686 | D:4      | Gained mutation: Potions and wands are less effective at restoring your health. [evolution]
  2201 | D:4      | Reached XP level 7. HP: 35/43 MP: 10/10
  2230 | D:4      | Reached skill level 5 in Dodging
  2230 | D:4      | Reached skill level 7 in Stealth
  2324 | D:4      | Found an oddly glowing altar of Pakellas.
  2324 | D:4      | Found a bloodstained altar of Trog.
  2358 | D:5      | Entered Level 5 of the Dungeon
  2390 | D:6      | Found Wuukhuej's Distillery.
  2414 | D:6      | Reached skill level 5 in Evocations
  2488 | D:6      | Mangled by an orc

Vault maps used:
D:1:      dpeg_arrival_lava_temple_mockup
D:2:      minmay_overflow_temple_hex, ecumenical_altar_2, uniq_robin,
          uniq_sigmund
D:3:      first_bread, uniq_terence
D:4:      grunt_temple_overflow_gold_and_silver, gammafunk_temple_overflow_wave
D:5:      lemuel_doored_altar, lightli_sewer_entry_pipes
D:6:      serial_shops, shop

Action                   |  1- 3 |  4- 6 |  7- 9 || total
-------------------------+-------+-------+-------++-------
Melee: Short sword       |    41 |    87 |    24 ||   152
Evoke: Wand              |     6 |     4 |       ||    10
  Use: Potion            |       |     9 |     1 ||    10
       Scroll            |       |       |     3 ||     3
 Stab: Sleeping          |     8 |    10 |     2 ||    20
       Distracted        |       |     1 |       ||     1
  Eat: Chunk             |       |     4 |       ||     4
